ESL (28 & UNDER)
BUFFALO LIGHTSABRES @ NEWARK BULLDOGS
07/09/2029
 
TOP OF THE 1ST
Buffalo LightSabres batting - Pitching for Newark Bulldogs : LHP David Bryant
Pitching: LHP David Bryant
Batting: RHB Earl Godwin 0-0: Ball
1-0: Called Strike
1-1: Swinging Strike
1-2: Ball
2-2: Ground out 6-3 (Groundball, 6)
Batting: RHB Alfredo Villegas 0-0: Ball
1-0: Ball
2-0: SINGLE (Line Drive, 8LS)
Batting: RHB Augusto Padilla 0-0: Ball
Alfredo Villegas steals 2nd base
1-0: Ball
2-0: Ball
3-0: Base on Balls
Batting: LHB Tim Griffith 0-0: Called Strike
0-1: Ball
Alfredo Villegas steals 3rd base
Augusto Padilla to second
1-1: Ground out 4-3 (Groundball, 4)
Alfredo Villegas scores
Augusto Padilla to third
Batting: RHB Mike Wagner 0-0: Swinging Strike
0-1: Ball
1-1: Ball
2-1: SINGLE (Groundball, 56D)
Augusto Padilla scores
Batting: LHB Rob Davidson 0-0: Ball
1-0: Ball
2-0: Called Strike
2-1: Foul Ball, location: 2F
2-2: Fly out, F8 (Flyball, 8RM)
Top of the 1st over - 2 runs, 2 hits, 0 errors, 1 left on base; Buffalo 2 - Newark 0
BOTTOM OF THE 1ST
Newark Bulldogs batting - Pitching for Buffalo LightSabres : RHP Dan Jones
Pitching: RHP Dan Jones
Batting: RHB Aurelio Cruz 0-0: Ground out 6-3 (Groundball, 6)
Batting: RHB Jorge Flores 0-0: Called Strike
0-1: Fly out, F9 (Flyball, 89S)
Batting: LHB Wes Thompson 0-0: Ball
1-0: Ball
2-0: Called Strike
2-1: Foul Ball, location: 2F
2-2: Foul Ball, location: 2F
2-2: Ball
3-2: Base on Balls
Batting: LHB Gerardo Guzmán 0-0: Ball
1-0: Ball
2-0: Ball
3-0: Called Strike
3-1: Swinging Strike
3-2: Foul Ball, location: 2F
3-2: Foul Ball, location: 2F
3-2: Base on Balls
Wes Thompson to second
Batting: LHB Ángel Tuzzi 0-0: Ball
1-0: SINGLE (Line Drive, 89S)
Wes Thompson to third
Gerardo Guzmán to second
Batting: RHB Norris Howard 0-0: Swinging Strike
0-1: Ball
1-1: Swinging Strike
1-2: Ball
2-2: Strikes out looking
Bottom of the 1st over - 0 runs, 1 hit, 0 errors, 3 left on base; Buffalo 2 - Newark 0
TOP OF THE 2ND
Buffalo LightSabres batting - Pitching for Newark Bulldogs : LHP David Bryant
Batting: LHB Emílio Montoya 0-0: Ball
1-0: Swinging Strike
1-1: Ball
2-1: Ball
3-1: Swinging Strike
3-2: Foul Ball, location: 2F
3-2: Strikes out swinging
Batting: RHB Daniel Riddle 0-0: Fly out, F9 (Flyball, 9)
Batting: RHB Pedro Romero 0-0: Called Strike
0-1: Ball
1-1: Ball
2-1: Ground out 5-3 (Groundball, 56S)
Top of the 2nd over - 0 runs, 0 hits, 0 errors, 0 left on base; Buffalo 2 - Newark 0
BOTTOM OF THE 2ND
Newark Bulldogs batting - Pitching for Buffalo LightSabres : RHP Dan Jones
Batting: SHB Ismael Sánchez 0-0: Called Strike
0-1: Hit by Pitch
Batting: RHB Ben Kearley 0-0: Ball
Ismael Sánchez steals 2nd base
1-0: Ball
2-0: Called Strike
2-1: Called Strike
2-2: Strikes out swinging
Batting: RHB Dan McKay 0-0: Ball
1-0: Swinging Strike
1-1: Foul Ball, location: 2F
1-2: 2-RUN HOME RUN (Flyball, 9LD), Distance : 364 ft
Batting: RHB Aurelio Cruz 0-0: Ball
1-0: Reached on error, E5 (Groundball, 56)
Batting: RHB Jorge Flores 0-0: Fly out, F9 (Flyball, 9LS)
Batting: LHB Wes Thompson 0-0: Ball
1-0: Called Strike
1-1: Ball
2-1: Ball
3-1: Ground out 5-3 (Groundball, 56S)
Bottom of the 2nd over - 2 runs, 1 hit, 1 error, 1 left on base; Buffalo 2 - Newark 2
TOP OF THE 3RD
Buffalo LightSabres batting - Pitching for Newark Bulldogs : LHP David Bryant
Batting: RHB Earl Godwin 0-0: Ball
1-0: Ball
2-0: Ball
3-0: Base on Balls
Batting: RHB Alfredo Villegas 0-0: DOUBLE (Flyball, 9LM)
Earl Godwin to third
Batting: RHB Augusto Padilla 0-0: Called Strike
0-1: Ball
1-1: Ball
2-1: Ground out 1-3 (Groundball, P)
Batting: LHB Tim Griffith 0-0: Ball
1-0: Foul Ball, location: 2F
1-1: Called Strike
1-2: Strikes out looking
Batting: RHB Mike Wagner 0-0: Ball
1-0: Ground out 4-3 (Groundball, 4)
Top of the 3rd over - 0 runs, 1 hit, 0 errors, 2 left on base; Buffalo 2 - Newark 2
BOTTOM OF THE 3RD
Newark Bulldogs batting - Pitching for Buffalo LightSabres : RHP Dan Jones
Batting: LHB Gerardo Guzmán 0-0: Ball
1-0: Ball
2-0: Ball
3-0: Called Strike
3-1: Foul Ball, location: 2F
3-2: Base on Balls
Batting: LHB Ángel Tuzzi 0-0: Ball
1-0: Called Strike
1-1: SINGLE (Line Drive, 89S)
Gerardo Guzmán to second
Batting: RHB Norris Howard 0-0: Called Strike
0-1: Ball
1-1: Swinging Strike
1-2: Fly out, F8 (Flyball, 8LM)
Batting: SHB Ismael Sánchez 0-0: Ball
1-0: Foul Ball, location: 2F
1-1: Ball
2-1: Called Strike
2-2: Fly out, F3 (Line Drive, 3)
Batting: RHB Ben Kearley 0-0: Called Strike
0-1: Fly out, F2 (Popup, 2LF)
Bottom of the 3rd over - 0 runs, 1 hit, 0 errors, 2 left on base; Buffalo 2 - Newark 2
TOP OF THE 4TH
Buffalo LightSabres batting - Pitching for Newark Bulldogs : LHP David Bryant
Batting: LHB Rob Davidson 0-0: Foul Ball, location: 2F
0-1: Foul Ball, location: 2F
0-2: Fly out, F8 (Line Drive, 8LXD)
Batting: LHB Emílio Montoya 0-0: SINGLE (Line Drive, 78S)
Batting: RHB Daniel Riddle 0-0: Ball
1-0: Called Strike
1-1: SINGLE (Groundball, 6D)
Emílio Montoya to second
Runner from 2nd tries for 3rd, SAFE, no throw
Batting: RHB Pedro Romero 0-0: Foul Ball, location: 2F
0-1: Ball
1-1: Fly out, F6 (Line Drive, 6M)
Batting: RHB Earl Godwin 0-0: Reached on error, E6 (Groundball, 56D)
Emílio Montoya scores
Daniel Riddle to second
Batting: RHB Alfredo Villegas 0-0: Foul Ball, location: 2F
0-1: Ball
1-1: Foul Ball, location: 2F
1-2: Foul Ball, location: 2F
1-2: Ball
2-2: Foul Ball, location: 2F
2-2: Foul Ball, location: 2F
2-2: Foul Ball, location: 2F
2-2: Foul Ball, location: 2F
2-2: Fly out, F6 (Line Drive, 6)
Top of the 4th over - 1 run, 2 hits, 1 error, 2 left on base; Buffalo 3 - Newark 2
BOTTOM OF THE 4TH
Newark Bulldogs batting - Pitching for Buffalo LightSabres : RHP Dan Jones
Batting: RHB Dan McKay 0-0: Called Strike
0-1: Ball
1-1: Ball
2-1: Foul Ball, location: 2F
2-2: Ball
3-2: Reached on error, E6 (Groundball, 6)
Batting: RHB Aurelio Cruz 0-0: Called Strike
0-1: Ball
1-1: Foul Ball, location: 2F
1-2: Ball
2-2: SINGLE (Groundball, 15S) (infield hit)
Dan McKay to second
Batting: RHB Jorge Flores 0-0: 3-RUN HOME RUN (Flyball, 7LD), Distance : 336 ft
Batting: LHB Wes Thompson 0-0: Fly out, F9 (Flyball, 9S)
Batting: LHB Gerardo Guzmán 0-0: Ball
1-0: Swinging Strike
1-1: Ball
2-1: Ball
3-1: Foul Ball, location: 2F
3-2: Ground out 5-3 (Groundball, 56S)
Batting: LHB Ángel Tuzzi 0-0: Ball
1-0: Ball
2-0: Foul Ball, location: 2F
2-1: Foul Ball, location: 2F
2-2: Ball
3-2: SOLO HOME RUN (Flyball, 9LD), Distance : 366 ft
Batting: RHB Norris Howard 0-0: Foul Ball, location: 2F
0-1: Called Strike
0-2: Ground out 5-3 (Groundball, 56S)
Bottom of the 4th over - 4 runs, 3 hits, 1 error, 0 left on base; Buffalo 3 - Newark 6
TOP OF THE 5TH
Buffalo LightSabres batting - Pitching for Newark Bulldogs : LHP David Bryant
Batting: RHB Augusto Padilla 0-0: Ball
1-0: Called Strike
1-1: Ball
2-1: Swinging Strike
2-2: DOUBLE (Line Drive, 9LS)
Batting: LHB Tim Griffith 0-0: Ball
1-0: Foul Ball, location: 2F
1-1: Reached on error, E4 (Popup, 4S)
Augusto Padilla to third
Batting: RHB Mike Wagner 0-0: Called Strike
0-1: Ball
1-1: Ball
2-1: Fielders Choice at 2nd, 6-4 (Groundball, 6)
Augusto Padilla scores
Batting: LHB Rob Davidson 0-0: Called Strike
Mike Wagner steals 2nd base
0-1: Called Strike
0-2: Ball
1-2: Ball
2-2: Fly out, F8 (Flyball, 8LM)
Batting: LHB Emílio Montoya 0-0: Called Strike
0-1: Ball
1-1: Foul Ball, location: 2F
1-2: SINGLE (Flyball, 78S)
Mike Wagner to third
Runner from 3rd tries for Home, SAFE, no throw
Batting: RHB Daniel Riddle 0-0: SINGLE (Groundball, 34D)
Emílio Montoya to second
Runner from 2nd tries for 3rd, SAFE, no throw
Batting: RHB Pedro Romero 0-0: Ball
1-0: Ball
2-0: Called Strike
2-1: Ball
3-1: Base on Balls
Daniel Riddle to second
Batting: RHB Earl Godwin 0-0: Ball
1-0: Ball
2-0: Called Strike
2-1: Called Strike
2-2: GRAND SLAM HOME RUN (Flyball, 9D), Distance : 390 ft
Pitching: LHP Vicente López
Batting: RHB Alfredo Villegas 0-0: Called Strike
0-1: SINGLE (Groundball, 6) (infield hit)
Batting: RHB Augusto Padilla 0-0: Ball
1-0: Called Strike
1-1: Ball
2-1: Foul Ball, location: 2F
2-2: Ball
Alfredo Villegas steals 2nd base
3-2: SINGLE (Flyball, 78S)
Alfredo Villegas to third
Alfredo Villegas scores
Batting: LHB Tim Griffith 0-0: Ball
1-0: Called Strike
1-1: Foul Ball, location: 2F
1-2: Fly out, F8 (Flyball, 8RM)
Top of the 5th over - 7 runs, 6 hits, 1 error, 1 left on base; Buffalo 10 - Newark 6
BOTTOM OF THE 5TH
Newark Bulldogs batting - Pitching for Buffalo LightSabres : RHP Dan Jones
Batting: SHB Ismael Sánchez 0-0: Swinging Strike
0-1: Ball
1-1: Called Strike
1-2: Ball
2-2: Ball
3-2: Ground out U3 (Groundball, 3L)
Batting: RHB Ben Kearley 0-0: Swinging Strike
0-1: Foul Ball, location: 2F
0-2: Ball
1-2: Ball
2-2: Strikes out swinging
Batting: RHB Dan McKay 0-0: Called Strike
0-1: Ball
1-1: Fly out, F9 (Flyball, 9D)
Bottom of the 5th over - 0 runs, 0 hits, 0 errors, 0 left on base; Buffalo 10 - Newark 6
TOP OF THE 6TH
Buffalo LightSabres batting - Pitching for Newark Bulldogs : LHP Vicente López
Batting: RHB Mike Wagner 0-0: Called Strike
0-1: SINGLE (Line Drive, 7S)
Batting: LHB Rob Davidson 0-0: Ball
1-0: Called Strike
1-1: SINGLE (Flyball, 89M)
Mike Wagner to second
Runner from 2nd tries for 3rd, SAFE, no throw
Batting: LHB Emílio Montoya 0-0: Swinging Strike
0-1: Ground out 4-3 (Groundball, 4)
Rob Davidson to second
Batting: RHB Daniel Riddle 0-0: Ball
1-0: Ball
2-0: Ball
3-0: Foul Ball, location: 2F
3-1: SINGLE (Groundball, 6MD)
Mike Wagner scores
Rob Davidson to third
Runner from 3rd tries for Home, SAFE, throw made home
Batting: RHB Pedro Romero 0-0: Foul Ball, location: 2F
0-1: SINGLE (Line Drive, 56D)
Daniel Riddle to second
Batting: RHB Earl Godwin 0-0: Called Strike
0-1: Foul Ball, location: 2F
0-2: Ball
1-2: Foul Ball, location: 2F
1-2: Ground out 5-3 (Groundball, 56S)
Daniel Riddle to third
Pedro Romero to second
Batting: RHB Alfredo Villegas 0-0: Ball
1-0: Called Strike
1-1: Fly out, F6 (Popup, 6MD)
Top of the 6th over - 2 runs, 4 hits, 0 errors, 2 left on base; Buffalo 12 - Newark 6
BOTTOM OF THE 6TH
Newark Bulldogs batting - Pitching for Buffalo LightSabres : RHP Dan Jones
Pitching: RHP Pat Jackson
Batting: RHB Aurelio Cruz 0-0: Called Strike
0-1: Called Strike
0-2: Strikes out looking
Batting: RHB Jorge Flores 0-0: Foul Ball, location: 2F
0-1: Ball
1-1: Ball
2-1: Ball
3-1: SINGLE (Line Drive, 34)
Batting: LHB Wes Thompson 0-0: Called Strike
0-1: Foul Ball, location: 2F
0-2: Fly out, F7 (Flyball, 7D)
Batting: LHB Gerardo Guzmán 0-0: Ball
1-0: Swinging Strike
1-1: Ground out 6-3 (Groundball, 6S)
Bottom of the 6th over - 0 runs, 1 hit, 0 errors, 1 left on base; Buffalo 12 - Newark 6
TOP OF THE 7TH
Buffalo LightSabres batting - Pitching for Newark Bulldogs : LHP Vicente López
Batting: RHB Augusto Padilla 0-0: Ball
1-0: Fly out, F8 (Flyball, 8LXD)
Batting: LHB Tim Griffith 0-0: Fly out, F6 (Line Drive, 6)
Batting: RHB Mike Wagner 0-0: Swinging Strike
0-1: Ball
1-1: Foul Ball, location: 2F
1-2: Strikes out looking
Top of the 7th over - 0 runs, 0 hits, 0 errors, 0 left on base; Buffalo 12 - Newark 6
BOTTOM OF THE 7TH
Newark Bulldogs batting - Pitching for Buffalo LightSabres : RHP Pat Jackson
Batting: LHB Ángel Tuzzi 0-0: Ball
1-0: Fly out, F8 (Flyball, 8LS)
Batting: RHB Norris Howard 0-0: Ground out 5-3 (Groundball, 5)
Batting: SHB Ismael Sánchez 0-0: Ball
1-0: Called Strike
1-1: Ball
2-1: Foul Ball, location: 2F
2-2: Foul Ball, location: 2F
2-2: SOLO HOME RUN (Flyball, 9D), Distance : 379 ft
Batting: RHB Ben Kearley 0-0: Ball
1-0: Swinging Strike
1-1: Ball
2-1: Foul Ball, location: 2F
2-2: Strikes out swinging
Bottom of the 7th over - 1 run, 1 hit, 0 errors, 0 left on base; Buffalo 12 - Newark 7
TOP OF THE 8TH
Buffalo LightSabres batting - Pitching for Newark Bulldogs : LHP Vicente López
Batting: LHB Rob Davidson 0-0: Foul Ball, location: 2F
0-1: Foul Ball, location: 2F
0-2: Ball
1-2: SINGLE (Line Drive, 8LS)
Batting: LHB Emílio Montoya 0-0: Ball
1-0: Foul Ball, location: 2F
1-1: Foul Ball, location: 2F
1-2: Ball
2-2: Foul Ball, location: 2F
2-2: Fly out, F5 (Popup, 5)
Batting: RHB Daniel Riddle 0-0: Ball
1-0: Swinging Strike
1-1: Ball
2-1: Foul Ball, location: 2F
2-2: Foul Ball, location: 2F
2-2: Ball
3-2: Base on Balls
Rob Davidson to second
Batting: RHB Pedro Romero 0-0: Grounds into double play, 1-6-3 (Groundball, P)
Top of the 8th over - 0 runs, 1 hit, 0 errors, 1 left on base; Buffalo 12 - Newark 7
BOTTOM OF THE 8TH
Newark Bulldogs batting - Pitching for Buffalo LightSabres : RHP Pat Jackson
Now at 1B: Pat Bray
Batting: RHB Dan McKay 0-0: Ground out 4-3 (Groundball, 4)
Batting: RHB Aurelio Cruz 0-0: Ground out 1-3 (Groundball, 15)
Batting: RHB Jorge Flores 0-0: Ball
1-0: Fly out, F7 (Flyball, 7LS)
Bottom of the 8th over - 0 runs, 0 hits, 0 errors, 0 left on base; Buffalo 12 - Newark 7
TOP OF THE 9TH
Buffalo LightSabres batting - Pitching for Newark Bulldogs : LHP Vicente López
Pitching: RHP Fernando Silva
Batting: RHB Earl Godwin 0-0: Ground out 4-3 (Groundball, 4M)
Batting: RHB Alfredo Villegas 0-0: Ball
1-0: Swinging Strike
1-1: Ball
2-1: Called Strike
2-2: Ball
3-2: Base on Balls
Batting: RHB Augusto Padilla 0-0: Called Strike
0-1: Ball
1-1: Foul Ball, location: 2F
1-2: Fly out, F3 (Line Drive, 34)
Lined into DP, U3 (Line Drive, 34)
Top of the 9th over - 0 runs, 0 hits, 0 errors, 0 left on base; Buffalo 12 - Newark 7
BOTTOM OF THE 9TH
Newark Bulldogs batting - Pitching for Buffalo LightSabres : RHP Pat Jackson
Batting: LHB Wes Thompson 0-0: Called Strike
0-1: Called Strike
0-2: Strikes out swinging
Batting: LHB Gerardo Guzmán 0-0: Ball
1-0: Called Strike
1-1: Ball
2-1: Ball
3-1: Base on Balls
Batting: LHB Ángel Tuzzi 0-0: Ball
1-0: Ball
2-0: Fielders Choice at 2nd, 6-4 (Groundball, 6M)
Batting: RHB Norris Howard 0-0: Called Strike
0-1: Called Strike
0-2: SINGLE (Groundball, 56D)
Ángel Tuzzi to second
Batting: SHB Ismael Sánchez 0-0: Called Strike
0-1: Foul Ball, location: 2F
0-2: Ground out 4-3 (Groundball, 4)
Bottom of the 9th over - 0 runs, 1 hit, 0 errors, 2 left on base; Buffalo 12 - Newark 7
Saturday, December 16th, 2017 - OOTP Baseball 18.8 Build 76